 Dungeon Crawl Stone Soup version 0.29.1-15-g9cfb28693d (webtiles) character file.

Game seed: 1325744401945521810

32 Hugehornet the Covered (level 3, -4/31 HPs)
             Began as a Minotaur Fighter on Mar 30, 2023.
             Slain by Sigmund
             ... wielding a +0 scythe
              (5 damage)
             ... on level 2 of the Dungeon.
             The game lasted 00:02:20 (942 turns).

Hugehornet the Covered (Minotaur Fighter)            Turns: 942, Time: 00:02:21

Health: -4/31      AC:  8    Str: 22    XL:     3   Next: 10%
Magic:  2/2        EV:  9    Int:  5    God:
Gold:   12         SH:  4    Dex:  9    Spells: 2/2 levels left

rFire   . . .      SeeInvis .   a - +0 war axe
rCold   . . .      Faith    .   c - +0 buckler
rNeg    . . .      Spirit   .   b - +0 scale mail
rPois   .          Reflect  .   (helmet restricted)
rElec   .          Harm     .   g - +0 cloak
rCorr   .          Rampage  .   (no gloves)
Will    .....                   (no boots)
Stlth   ..........              (no amulet)
HPRegen 0.10/turn               (no ring)
MPRegen 0.08/turn               (no ring)

@: no status effects
A: horns 2, retaliatory headbutt
a: no special abilities


You were on level 2 of the Dungeon.
You visited 1 branch of the dungeon, and saw 2 of its levels.

You collected 12 gold pieces.

Inventory:

Hand Weapons
 a - a +0 war axe (weapon)
Armour
 b - a +0 scale mail (worn)
 c - a +0 buckler (worn)
 g - a +0 cloak (worn)
Jewellery
 h - an amulet of the acrobat
Scrolls
 e - 3 scrolls of identify {unknown}
Potions
 d - a potion of might
 f - 2 potions of degeneration {unknown}


   Skills:
 - Level 3.6 Fighting
 * Level 3.5 Axes
 * Level 4.4 Armour
 - Level 3.6 Shields


You had 2 spell levels left.
You didn't know any spells.
Your spell library was empty.

Dungeon Overview and Level Annotations

Branches:
Dungeon (2/15)

Altars:

Annotations:
D:2 Sigmund


Innate Abilities, Weirdness & Mutations

You have a pair of horns on your head.
You reflexively headbutt those who attack you in melee.


Message History

You block Sigmund's attack.
You barely miss Sigmund. You hit Sigmund but do no damage.
Sigmund casts a spell.
Sigmund flickers and vanishes!
Deactivating autopickup; reactivate with Ctrl-A.
Something hits you.
No target in view!
No target in view!
No target in view!
No target in view!
You miss something. Something hits you!
You hit something. Your headbutt misses something. You miss something.
You hear some strange, mumbled words.
Something tries to affect you, but you resist.
Something hits you but does no damage.
You miss something. Something hits you but does no damage.
You closely miss something. Something hits you.
You closely miss something. You miss something.
Something hits you but does no damage.
You closely miss something.
You hear some strange, mumbled words.
You are confused.
You bump into the rock wall.
Something hits you!
* * * LOW HITPOINT WARNING * * *
You completely miss something. Something hits you but does no damage.
You're too confused to move!
Something completely misses you.
You closely miss something. Something hits you but does no damage.
You bump into the rock wall.
You bump into the rock wall.
Something completely misses you.
You barely miss something.
You feel less confused. Something completely misses you.
You closely miss something. Something hits you.
* * * LOW HITPOINT WARNING * * *
You completely miss something. Something hits you.
* * * LOW HITPOINT WARNING * * *
You closely miss something. Something hits you.
You die...

#.#.# #.# #.##..#######
#.#.# #.# #>........###
#.#.# #................
#.#.###########.#####.#
#.........# #.# #..
###<....... ..# ##.
#.#####.#.###.# #.
#.#####.......# ##
#...@{......... #.
#########... #. #. #.
#. #. #. #. #.


There were no monsters in sight!

Vanquished Creatures
  2 dart slugs (D:1)
  4 endoplasms
  2 giant cockroaches (D:1)
  3 goblins
  6 ball pythons
  4 bats
  A frilled lizard (D:2)
  A kobold (D:1)
  4 rats
27 creatures vanquished.

Notes
Turn   | Place    | Note
-------+----------+-------------------------------------------
     0 | D:1      | Hugehornet the Minotaur Fighter began the quest for the
                  | Orb.
     0 | D:1      | Reached XP level 1. HP: 19/19 MP: 0/0
   119 | D:1      | Reached skill level 4 in Armour
   119 | D:1      | Reached XP level 2. HP: 26/26 MP: 1/1
   715 | D:2      | Reached XP level 3. HP: 31/31 MP: 2/2
   919 | D:2      | Noticed Sigmund
   941 | D:2      | HP: 1/31 [something (2)]
   942 | D:2      | Slain by Sigmund

Illustrated notes

Levels and vault maps discovered:
D:1:      dpeg_arrival_water_temple_mockup, layout_basic, minmay_misc_feat_doors
D:2:      layout_basic, uniq_terence, uniq_sigmund, uniq_robin

Skill      XL: |  1  2 |
---------------+-------+-----
Armour         | 4 |  4.4
Axes           | 3 |  3.5
Fighting       | |  3.6
Shields        | |  3.6

Action                   || total
-------------------------++-------
Melee: War axe           ||    67
       Headbutt          ||     6
Armor: Scale mail        ||    33
Dodge: Dodged            ||    30
Block: Buckler           ||    10
